 Dungeon Crawl Stone Soup version 0.32-a0-350-g4f4d228785 (webtiles) character file.

Game seed: 7353156942511648956

336 ragingrage the Chopper (level 6, 0/12 (48) HPs)
             Began as a Mountain Dwarf Reaver on Feb 18, 2024.
             Slain by a ribbon worm (7 damage)
             ... on level 3 of the Dungeon.
             The game lasted 00:03:24 (1820 turns).

ragingrage the Chopper (Mountain Dwarf Reaver)      Turns: 1820, Time: 00:03:24

HP:   0/12 (48)     AC:  6    Str: 17    XL:     6   Next: 28%
MP:   6/8           EV: 10    Int: 13    God:
Gold: 261           SH:  3    Dex:  8    Spells: 7/8 levels left

rFire   . . .        a - +0 hand axe
rCold   . . .        l - +0 buckler
rNeg    . . .        i - +0 acid dragon scales
rPois   .            (no helmet)
rElec   .            (no cloak)
rCorr   +            (no gloves)
SInv    .            (no boots)
Will    .....        (no amulet)
Stlth   +            e - ring of resist corrosion
HPRegen 0.22/turn    (no ring)
MPRegen 0.11/turn

%: no passive effects
@: extremely drained, very slow
A: runic magic, artefact enchanting
a: no special abilities


You were on level 3 of the Dungeon.
You visited 1 branch of the dungeon, and saw 5 of its levels.

You collected 261 gold pieces.

Inventory:

Hand Weapons
 a - a +0 hand axe (weapon)
 g - a +0 sling
Missiles
 b - 2 poisoned darts (quivered)
Armour
 i - +0 acid dragon scales (worn)
 l - a +0 buckler (worn)
Jewellery
 e - a ring of resist corrosion (left hand)
Scrolls
 c - a scroll of teleportation
 f - a scroll of fog
 h - a scroll of fear {unknown}
 j - a scroll of torment {unknown}
 k - a scroll of silence
 n - a scroll of vulnerability {unknown}


   Skills:
 - Level 2.1 Fighting
 + Level 7.3 Axes
 - Level 1.3 Dodging
 - Level 2.0 Stealth
 - Level 1.0 Shields
 - Level 1.7 Spellcasting
 - Level 2.6 Conjurations
 - Level 2.0 Necromancy


You had 7 spell levels left.
You knew the following spells:

 Your Spells              Type           Power      Damage    Failure   Level
a - Kiss of Death         Conj/Necr      28%        2d7       14%         1

Your spell library contained the following spells:

 Spells                   Type           Power      Damage    Failure   Level
 Momentum Strike          Conj/Tloc      8%         3d8       32%         2
 Lesser Beckoning         Tloc           2%         N/A       50%         2
 Hailstorm                Conj/Ice       4%         3d5       54%         3
 Gell's Gravitas          Tloc           1%         N/A       73%         3
 Teleport Other           Tloc           1%         N/A       73%         3


Dungeon Overview and Level Annotations

Branches:
Dungeon (5/15)
 Temple: D:4-7

Altars:
The Shining One

Annotations:
D:4 exclusion: downstairs


Innate Abilities, Weirdness & Mutations

Your spellcasting is much less encumbered by armour.
You can use scrolls of enchantment on lesser artefacts.


Message History

You are caught in a web!
The ribbon worm bites you.
The ribbon worm splashes around in the water.
The ribbon worm barely misses you.
You are too injured to fight recklessly!
Your unstable footing causes you to fumble your attack.
Your unstable footing causes you to fumble your attack.
You block the ribbon worm's attack.
The ribbon worm bites you but does no damage.
Your unstable footing causes you to fumble your attack.
The ribbon worm bites you!
* * * LOW HITPOINT WARNING * * *
The ribbon worm bites you but does no damage.
You hit the ribbon worm. x2
The ribbon worm splashes around in the water.
The ribbon worm expels a string of sticky webbing.
The stream of webbing hits you but does no damage.
You are caught in a web!
Casting: Kiss of Death (safe; 14% risk of failure)
Aiming: Kiss of Death (safe; 14% risk of failure)
Press: ? - help, Shift-Dir - straight line, f/p - ribbon worm
Aim: a ribbon worm (lightly wounded, 100% to hit)
The fragment of death hits the ribbon worm.
The ribbon worm is drained!
You feel drained.
The ribbon worm bites you but does no damage.
Casting: Kiss of Death (safe; 14% risk of failure)
Aiming: Kiss of Death (safe; 14% risk of failure)
Press: ? - help, Shift-Dir - straight line, f/p - ribbon worm
Aim: a ribbon worm (heavily wounded, lightly drained, 100% to hit)
The fragment of death hits the ribbon worm!
The ribbon worm is drained!
You kill the ribbon worm!
You feel drained. The ribbon worm barely misses you.
The ribbon worm expels a string of sticky webbing.
The stream of webbing hits you but does no damage.
You are caught in a web!
The ribbon worm barely misses you.
Your unstable footing causes you to fumble your attack.
The ribbon worm bites you!
Ouch! That really hurt!
You die...

#.........#.......
..
#.....$..(#.......
..
#.................
###..........~.S..
+........~.~~~~~
#.....~~#~#~####
#....#~~~~~~(~~#
#####..########w#
###.....†# #~~~†@~#
.........#
#~#~####...
....####.# #~~~~#..
......##.# #w##~#..
......#..# #~~ #..
....#.#..# ##~ #.#
.........# w# #.#
#+#.....## ~#
#.#########
........#
#########..........


You could see a ribbon worm (catching breath).

Vanquished Creatures
  Sigmund (D:3)
  An adder (D:3)
  4 river rats (D:3)
  A shadow imp (D:5)
  4 ribbon worms
  2 dart slugs
  4 endoplasms
  12 giant cockroaches
  3 goblins
  4 hobgoblins
  2 jackals (D:1)
  7 kobolds
  3 quokkas
  4 ball pythons
  4 bats
  3 frilled lizards
  6 rats
65 creatures vanquished.

Notes
Turn   | Place    | Note
-------+----------+-------------------------------------------
     0 | D:1      | ragingrage the Mountain Dwarf Reaver began the quest for
                  | the Orb.
     0 | D:1      | Reached XP level 1. HP: 17/17 MP: 3/3
    84 | D:1      | Reached skill level 4 in Axes
   103 | D:1      | Reached XP level 2. HP: 24/24 MP: 4/4
   195 | D:1      | Reached skill level 1 in Necromancy
   328 | D:1      | Reached XP level 3. HP: 29/29 MP: 5/5
   760 | D:2      | Reached skill level 5 in Axes
   972 | D:2      | Reached XP level 4. HP: 30/33 MP: 6/6
  1295 | D:3      | Reached skill level 1 in Shields
  1358 | D:3      | You fall into a shaft and drop 2 floors!
  1358 | D:5      | Entered Level 5 of the Dungeon
  1396 | D:5      | Noticed a bullfrog
  1398 | D:5      | Identified the +4 spear "Voschomne" {pain, Str+2}
  1401 | D:5      | Noticed an ogre
  1443 | D:3      | Noticed Sigmund
  1462 | D:3      | Killed Sigmund
  1463 | D:3      | Reached skill level 6 in Axes
  1463 | D:3      | Reached XP level 5. HP: 8/41 MP: 4/7
  1463 | D:3      | Reached XP level 6. HP: 10/48 MP: 4/8
  1577 | D:3      | Found a glowing golden altar of the Shining One.
  1678 | D:3      | Reached skill level 7 in Axes
  1753 | D:3      | HP: 1/27 [river rat (1)]
  1820 | D:3      | Slain by a ribbon worm

Illustrated notes

Levels and vault maps discovered:
D:1:      minmay_arrival_floating_metal, layout_basic, nicolae_titane
D:2:      minmay_roachtagon, layout_rooms
D:3:      layout_basic, mainiacjoe_overflow_swirl,
          mainiacjoe_overflow_boulevard, tgw_sif, lightli_sewer_entry_pipes,
          minmay_gold_behind_fungi, uniq_sigmund
D:4:      layout_basic, hangedman_decor_riveting, uniq_duvessa
D:5:      layout_loops_cross, serial_demonic, serial_demonic_d,
          serial_demonic_b, serial_demonic_b, serial_demonic_c,
          serial_demonic_d, serial_demonic_d, serial_demonic_b,
          serial_demonic_f, serial_demonic_f, serial_demonic_g

Skill      XL: |  1  2  3  4  5  6 |
---------------+-------------------+-----
Axes           | 4 5 6 7 |  7.3
Necromancy     | 1 2 |  2.0
Shields        | 1 |  1.0
Stealth        | 2 |  2.0
Fighting       | |  2.1
Dodging        | |  1.3
Spellcasting   | |  1.7
Conjurations   | |  2.6

Action                     |  1- 3 |  4- 6 || total
---------------------------+-------+-------++-------
  Melee: Hand axe          |   137 |   188 ||   325
  Throw: Dart              |       |     2 ||     2
   Cast: Kiss of Death     |     1 |     9 ||    10
    Use: Scroll            |       |     8 ||     8
         Potion            |       |     2 ||     2
 Armour: Leather armour    |    44 |       ||    44
         Acid dragon scale |    56 |   101 ||   157
  Dodge: Dodged            |   113 |    82 ||   195
  Block: Buckler           |     5 |    26 ||    31

Table legend: (Time is in decaauts)
 A = Elapsed time spent in this place.
 B = Non-inter-level travel time spent in this place.
 C = Inter-level travel time spent in this place.
 D = Time resting spent in this place.
 E = Time spent auto-exploring this place.
 F = Levels seen in this place.
 G = Mean time per level.
                   A        B        C        D        E       F      G
               +--------+--------+--------+--------+--------+-----+--------+
         Total |   1854 |   1785 |     69 |     93 |    852 |   5 |  370.8 |
       Dungeon |   1854 |   1785 |     69 |     93 |    852 |   5 |  370.8 |
               +--------+--------+--------+--------+--------+-----+--------+

Top non-repeatable levels by time:
     D:1: 746 daAuts
     D:2: 541 daAuts
     D:3: 491 daAuts
     D:5: 49 daAuts
     D:4: 25 daAuts
